 Dungeon Sprint DCSS version 0.29.1 (webtiles) character file.

Game seed: 17062053484791625811

155 ImASeal the Thaumaturge (level 7, -13/46 HPs)
             Began as a Djinni Fire Elementalist on Sept 14, 2022.
             Was a High Priest of Makhleb.
             Killed from afar by a bog body (45 damage)
             ... with a bolt of cold
             ... in the Dungeon (Sprint VI: "Thunderdome").
             The game lasted 00:13:07 (725 turns).

ImASeal the Thaumaturge (Djinni Fire Elementalist)   Turns: 725, Time: 00:13:07

Health: -13/46     AC:  4    Str:  7    XL:     7   Next: 18%
Gold:   230        EV: 12    Int: 18    God:    Makhleb [*****.] SH:  0 Dex: 14

rFire   + + .      SeeInvis .   c - +2 spear (freeze)
rCold   x . .      Faith    .   (no shield)
rNeg    . . .      Spirit   .   l - +0 troll leather armour
rPois   ∞          Reflect  .   (no helmet)
rElec   .          Harm     .   (no cloak)
rCorr   .          Rampage  .   (no gloves)
Will    .....      NoTele   +   (boots unavailable)
Stlth   ++........              (no amulet)
HPRegen 0.95/turn               (no ring)
MPRegen 0.00/turn               (no ring)

@: flying, hasted (expiring), very quick
A: sickness immunity, fire resistance 2, cold vulnerability 1, float, innate
caster, HP casting, extra vitality 1
a: Renounce Religion, Minor Destruction, Lesser Servant of Makhleb, Major
Destruction, Greater Servant of Makhleb


You were in the Dungeon.
You worshipped Makhleb.
Makhleb was extremely pleased with you.
You visited 1 branch You collected 410 gold pieces.
You spent 180 gold pieces at shops.

Inventory:

Hand Weapons
 c - a +2 spear of freezing (weapon)
Missiles
 m - 16 stones
Armour
 a - a +0 robe
 l - a +0 troll leather armour (worn)
Wands
 g - a wand of quicksilver (5)
 h - a wand of roots (5)
Scrolls
 f - 4 scrolls of blinking
 i - 3 scrolls of butterflies
Potions
 b - a potion of curing
 d - 2 potions of haste
 e - a potion of berserk rage
 j - 3 potions of heal wounds
 k - a potion of resistance


   Skills:
 - Level 0.8 Fighting
 + Level 1.4 Armour
 - Level 4.1 Dodging
 - Level 2.9 Stealth
 + Level 10.7 Spellcasting


You had 8 spell levels left.
You knew the following spells:

 Your Spells              Type           Power      Damage    Failure   Level
a - Foxfire               Conj/Fire      100%       2x1d9     1%          1
b - Scorch                Fire           96%        2d10      1%          2
c - Conjure Flame         Conj/Fire      48%        6-21      1%          3
d - Inner Flame           Hex/Fire       48%        N/A       1%          3
e - Flame Wave            Conj/Fire      48%        2d12      1%          4
f - Summon Small Mammal   Summ           100%       N/A       1%          1
g - Wereblood             Tmut           48%        N/A       1%          2
h - Ozocubu's Armour      Ice            48%        N/A       1%          3
Your spell library was empty.

Dungeon Overview and Level Annotations

Branches:
Dungeon (1/1)

Altars:
Cheibriados
Dithmenos
Fedhas
Gozag
Makhleb
Okawaru
Qazlal
Ru
Trog
Uskayaw
Wu Jian
Xom
Yredelemnul
Zin
The Shining One
Lugonu

Shops:
D *[??*?*:[((!!!!


Innate Abilities, Weirdness & Mutations

You are immune to sickness and miasma.
You are immune to poison.
Your flesh is very heat resistant. (rF++)
You are vulnerable to cold. (rC-)
You float through the air rather than walking.
You learn spells naturally, not from books.
Your magical power is your life essence.
You have superior vitality. (+4 MHP)


Message History

The bog body is lightly damaged.
The bog body gestures at you while chanting.
The bolt of cold hits your foxfire!! The bolt of cold hits your foxfire!
The bolt of cold misses you.
Casting: Foxfire (safe; 1% risk of failure)
Confirm with . or Enter, or press ? or * to list all spells.
You conjure some foxfire!
The foxfire hits the bog body.
The bog body resists.
The bog body is lightly damaged.
Casting: Foxfire (safe; 1% risk of failure)
Confirm with . or Enter, or press ? or * to list all spells.
You conjure some foxfire!
Your extra speed is starting to run out.
The foxfire hits the bog body.
The bog body resists.
The bog body is lightly damaged.
The foxfire hits the bog body.
The bog body completely resists.
The bog body is lightly damaged.
Casting: Foxfire (safe; 1% risk of failure)
Confirm with . or Enter, or press ? or * to list all spells.
You conjure some foxfire!
The foxfire hits the bog body.
The bog body resists.
The bog body is lightly damaged.
The foxfire hits the bog body.
The bog body resists.
The bog body is lightly damaged.
The foxfire hits the bog body.
The bog body resists.
The bog body is moderately damaged.
The foxfire hits the bog body.
The bog body resists.
The bog body is moderately damaged.
Casting: Foxfire (safe; 1% risk of failure)
Confirm with . or Enter, or press ? or * to list all spells.
You conjure some foxfire!
You hear some strange, mumbled words.
Casting: Foxfire (safe; 1% risk of failure)
Confirm with . or Enter, or press ? or * to list all spells.
You conjure some foxfire!
The foxfire hits the bog body.
The bog body resists.
The bog body is moderately damaged.
The foxfire hits the bog body but does no damage.
The bog body is moderately damaged.
The bog body points at you and mumbles some strange words.
The bolt of cold hits you!!!
You feel a terrible chill!
Ouch! That really hurt!
You die...

#⌠..........###...###...)......⌠#
#⌠..........# #.<.# #..†.......⌠#
#⌠..........###...###..........⌠#
##.............###.....[.......##
###∩........8n# #.8........∩###
##∩__.......###......___∩##
######.8..§......8.######
#⌠...§.).....⌠# ###..§.@v...###
#_.§..v.._# #_......._#
#........_# #∩.......∩#
##∩.....∩## ##.....## ##⌠⌠⌠##
#####


You could see a bog body (ally target).

Vanquished Creatures
  A vampire mosquito (D)
  A water moccasin (D)
  2 necrophages (D)
  A wight (D)
  2 adders (D)
  2 ball pythons (D)
  12 kobolds (D)
  A jackal skeleton (D)
22 creatures vanquished.

Vanquished Creatures (others)
  A kobold (D)
  119 foxfires (D)
120 creatures vanquished.

Grand Total: 142 creatures vanquished

Notes
Turn   | Place    | Note
-------+----------+-------------------------------------------
     0 | D        | ImASeal the Djinni Fire Elementalist began the quest for
                  | the Orb.
     0 | D        | ImASeal set off with the following spells memorised:
                  | Foxfire, Scorch, Conjure Flame, Inner Flame, Flame Wave.
     0 | D        | Reached XP level 1. HP: 15/15 MP: 0/0
     0 | D        | Found a burning altar of Makhleb.
     0 | D        | Found a shimmering altar of Xom.
     1 | D        | Found a blossoming altar of Fedhas.
     2 | D        | Found an ornate altar of the Wu Jian Council.
     3 | D        | Found Fylar's Do-It-Yourself Clinic.
     3 | D        | Found a glowing golden altar of the Shining One.
     3 | D        | Found a snail-covered altar of Cheibriados.
     3 | D        | Found Nuadecw's Distillery.
     4 | D        | Found Umiem's Bottled Wisdom.
     4 | D        | Found Tiatop's Distillery.
     5 | D        | Round 1.
     7 | D        | Noticed a necrophage
     8 | D        | Found a corrupted altar of Lugonu.
     9 | D        | Found a bloodstained altar of Trog.
     9 | D        | Found Jemaitir's Weapon Rack.
     9 | D        | Found Aweg's Premium Goods.
    10 | D        | Found Reideeh's Basic Armour.
    10 | D        | Found Ubboirin's Miscellaneous Merchandise.
    22 | D        | Killed a necrophage
    23 | D        | Reached skill level 5 in Spellcasting
    23 | D        | Reached XP level 2. HP: 12/21 MP: 0/0
    23 | D        | Reached XP level 3. HP: 15/25 MP: 0/0
    23 | D        | Learned a level 1 spell: Summon Small Mammal
    23 | D        | Reached XP level 4. HP: 18/31 MP: 0/0
    52 | D        | Became a worshipper of Makhleb the Destroyer
    60 | D        | Noticed a necrophage
    66 | D        | Killed a necrophage
    66 | D        | Noticed a wight
    67 | D        | Reached skill level 6 in Spellcasting
    67 | D        | Reached XP level 5. HP: 21/35 MP: 0/0
    67 | D        | Learned a level 2 spell: Wereblood
    75 | D        | Reached skill level 7 in Spellcasting
    88 | D        | Found a sacrificial altar of Ru.
    89 | D        | Found Ynareong's Identification Station.
    90 | D        | Found Sikau's Advanced Armour.
    90 | D        | Found Tolastit's Jewellery.
    90 | D        | Found a stormy altar of Qazlal.
    90 | D        | Found an opulent altar of Gozag.
    90 | D        | Found a hide-covered altar of Uskayaw.
    93 | D        | Reached * piety under Makhleb
   130 | D        | Found a glowing silver altar of Zin.
   131 | D        | Arena points: 5 (+5) [x1]
   133 | D        | Found an iron altar of Okawaru.
   134 | D        | Found Xeneeg's Magic Scroll Shop.
   135 | D        | Found a shadowy altar of Dithmenos.
   135 | D        | Found a basalt altar of Yredelemnul.
   135 | D        | Found Lutos's Staff Store.
   135 | D        | Found Uczod's Magic Scroll Shop.
   135 | D        | Found Darghube's Must-Have Magic.
   146 | D        | Round 2.
   151 | D        | Reached skill level 8 in Spellcasting
   169 | D        | Noticed a water moccasin
   175 | D        | HP: 1/36 [water moccasin (4)]
   177 | D        | Killed a water moccasin
   177 | D        | Reached ** piety under Makhleb
   178 | D        | Reached skill level 9 in Spellcasting
   178 | D        | Reached XP level 6. HP: 16/41 MP: 0/0
   265 | D        | Arena points: 17 (+12) [x1]
   280 | D        | Round 3.
   303 | D        | Reached *** piety under Makhleb
   420 | D        | Arena points: 59 (+42) [x2]
   433 | D        | Bought a +0 troll leather armour for 180 gold pieces
   474 | D        | Round 4.
   495 | D        | Reached **** piety under Makhleb
   571 | D        | Arena points: 155 (+96) [x3]
   615 | D        | Round 5.
   616 | D        | Noticed a witch
   619 | D        | Noticed a four-headed hydra
   626 | D        | Noticed a four-headed hydra
   627 | D        | Noticed a five-headed hydra
   663 | D        | Noticed a four-headed hydra
   666 | D        | Noticed a four-headed hydra
   673 | D        | Noticed a vampire mosquito
   676 | D        | Noticed a five-headed hydra
   685 | D        | Noticed a five-headed hydra
   691 | D        | Killed a vampire mosquito
   691 | D        | Reached ***** piety under Makhleb
   692 | D        | Reached skill level 1 in Armour
   692 | D        | Reached skill level 10 in Spellcasting
   692 | D        | Reached XP level 7. HP: 27/46 MP: 0/0
   692 | D        | Learned a level 3 spell: Ozocubu's Armour
   702 | D        | Noticed a bog body
   707 | D        | Noticed a six-headed hydra
   725 | D        | Killed from afar by a bog body

Illustrated notes

Levels and vault maps discovered:
D:        arena_sprint

Skill      XL: |  1  2  3  4  5  6 |
---------------+-------------------+-----
Dodging        | 3 4 |  4.1
Stealth        | 2 |  2.9
Spellcasting   | 5 6 9 10 | 10.7
Armour         | 1 |  1.4
Fighting       | |  0.8

Action                   |  1- 3 |  4- 6 |  7- 9 || total
-------------------------+-------+-------+-------++-------
 Cast: Foxfire           |     7 |    57 |    12 ||    76
       Scorch            |       |     3 |       ||     3
       Flame Wave        |       |       |     1 ||     1
  Use: Potion            |       |     3 |       ||     3
Armor: Robe              |       |     1 |       ||     1
Dodge: Dodged            |       |     4 |     1 ||     5
